 Dungeon Crawl Stone Soup version 0.24-a0-520-g8fd06ad0bc (webtiles) character file.

Game seed: 7148173868442780351

54 vurker the Bolt Thrower (level 4, 0/27 HPs)
             Began as a Kobold Hunter on July 27, 2019.
             Slain by an orc wizard
             ... wielding a +0 dagger
              (3 damage)
             ... on level 2 of the Dungeon.
             The game lasted 00:02:24 (1616 turns).

vurker the Bolt Thrower (Kobold Hunter)             Turns: 1616, Time: 00:02:25

Health: 0/27       AC:  3    Str: 10    XL:     4   Next: 12%
Magic:  4/4        EV: 14    Int: 12    God:
Gold:   81         SH:  0    Dex: 15    Spells: 3/3 levels left

rFire    . . .     SeeInvis .   b - +0 short sword
rCold    . . .     Gourm    .   (shield restricted)
rNeg     . . .     Faith    .   c - +0 leather armour
rPois    .         Spirit   .   (no helmet)
rElec    .         Reflect  .   (no cloak)
rCorr    .         Harm     .   (no gloves)
MR       .....                  (no boots)
Stlth    ++........             (no amulet)
HPRegen  0.09/turn              (no ring)
MPRegen  0.09/turn              (no ring)

@: no status effects
A: small, carnivore
a: no special abilities


You were on level 2 of the Dungeon.
You were completely stuffed.

You visited 1 branch of the dungeon, and saw 3 of its levels.

You collected 81 gold pieces.

Inventory:

Hand Weapons
 a - a +1 hand crossbow
 b - a +0 short sword (weapon)
Armour
 c - a +0 leather armour (worn)
Scrolls
 f - a scroll of teleportation {unknown}
 h - a scroll of enchant armour {unknown}
 i - 2 scrolls of fog {unknown}
Potions
 g - a potion of might {unknown}
 j - a potion of magic {unknown}
 k - a potion of degeneration {unknown}
Comestibles
 e - 3 rations
 l - a chunk of flesh


   Skills:
 + Level 2.8 Fighting
 * Level 2.7 Short Blades
 * Level 5.5 Crossbows
 - Level 2.4 Dodging
 - Level 1.3 Stealth


You had 3 spell levels left.
You didn't know any spells.
Your spell library was empty.

Dungeon Overview and Level Annotations

Branches:
Dungeon (3/15)

Altars:


Innate Abilities, Weirdness & Mutations

You are small and have problems with some larger weapons.
You are carnivorous and can eat meat at any time.


Message History

Aim: an orc wizard, wielding a +0 dagger and wearing a +0 robe (moderately wounded)
You shoot a bolt. The bolt closely misses the orc wizard.
The orc wizard barely misses you. The orc hits you but does no damage.
The orc wizard hits you with a +0 dagger.
Firing (i - inventory) No suitable missiles.
Aim: an orc wizard, wielding a +0 dagger and wearing a +0 robe (moderately wounded)
Okay, then.
Firing (i - inventory) No suitable missiles.
Aim: an orc wizard, wielding a +0 dagger and wearing a +0 robe (moderately wounded)
Okay, then.
Firing (i - inventory) No suitable missiles.
Aim: an orc wizard, wielding a +0 dagger and wearing a +0 robe (moderately wounded)
Okay, then.
Firing (i - inventory) No suitable missiles.
Aim: an orc wizard, wielding a +0 dagger and wearing a +0 robe (moderately wounded)
Okay, then.
Firing (i - inventory) No suitable missiles.
Aim: an orc wizard, wielding a +0 dagger and wearing a +0 robe (moderately wounded)
Okay, then.
Firing (i - inventory) No suitable missiles.
Aim: an orc wizard, wielding a +0 dagger and wearing a +0 robe (moderately wounded)
Okay, then.
Firing (i - inventory) No suitable missiles.
Aim: an orc wizard, wielding a +0 dagger and wearing a +0 robe (moderately wounded)
Okay, then.
Unknown command.
b - a +0 short sword (weapon)
You hit the orc wizard. The orc wizard barely misses you. The orc misses you.
You hit the orc wizard but do no damage.
The orc wizard hits you but does no damage.
The orc closely misses you.
You barely miss the orc wizard. The orc wizard closely misses you.
The orc misses you.
You hit the orc wizard. The orc wizard completely misses you.
You barely miss the orc wizard. The orc misses you.
The orc wizard barely misses you.
You hit the orc wizard but do no damage.
The orc hits you with a +0 mace.
The orc wizard hits you but does no damage.
You closely miss the orc wizard. The orc wizard closely misses you.
The orc misses you.
You hit the orc wizard. The orc wizard closely misses you.
You barely miss the orc wizard. The orc barely misses you.
The orc wizard gestures at you while chanting.
The puff of frost hits you!
* * * LOW HITPOINT WARNING * * *
You closely miss the orc wizard. The orc hits you with a +0 mace.
* * * LOW HITPOINT WARNING * * *
The orc wizard hits you with a +0 dagger.
You die...

....#####...................#
.....................#..#########
..........####.......##..##......
.....................###.........
....................(######......
............#(..............<....
....##..###..........######......
##..##..#####....o...# #......
.............#.#@o.### #......
........####...#.#..# #######
.....##.####.###.#..######
.....##.##..(.#..........########
.....##.....#..................#.
.....####.#.#..............###...
#.##...#.)#.#..............# ###.
#.........#.#..............# #.
##......#...#..............# #.


You could see an orc wizard and an orc.

Vanquished Creatures
  A gnoll (D:2)
  An adder (D:2)
  2 worms (D:2)
  A dart slug (D:2)
  A giant cockroach (D:2)
  5 hobgoblins
  4 bats
  2 frilled lizards (D:2)
  5 goblins
  4 kobolds
  3 rats
29 creatures vanquished.

Notes
Turn   | Place    | Note
-------+----------+-------------------------------------------
     0 | D:1      | vurker the Kobold Hunter began the quest for the Orb.
     0 | D:1      | Reached XP level 1. HP: 12/12 MP: 1/1
    10 | D:1      | You fall into a shaft and drop 1 floor!
   128 | D:1      | Reached skill level 1 in Short Blades
   128 | D:1      | Reached skill level 5 in Crossbows
   166 | D:1      | Reached XP level 2. HP: 18/18 MP: 2/2
   873 | D:2      | Reached XP level 3. HP: 22/22 MP: 3/3
  1223 | D:2      | Found a faded altar of an unknown god.
  1470 | D:2      | Reached XP level 4. HP: 18/27 MP: 4/4
  1616 | D:2      | Slain by an orc wizard

Levels and vault maps discovered:
D:1:      sevenhm_arrival_forest_fort_small_6, layout_basic
D:2:      layout_rooms, chequers_ecumenical_altar_grove, first_ration
D:3:      layout_basic, chequers_temple_overflow_statue_of_worship,
          ebering_ghost_rock_garden, minmay_misc_feat_alley, st_stairs_12,
          uniq_ijyb

Skill      XL: |  1  2  3 |
---------------+----------+-----
Short Blades   | 1 2 |  2.7
Crossbows      | 5 |  5.5
Fighting       | |  2.8
Dodging        | |  2.4
Stealth        | |  1.3

Action                   |  1- 3 |  4- 6 || total
-------------------------+-------+-------++-------
Melee: Short sword       |    10 |    10 ||    20
 Fire: Hand crossbow     |    59 |    11 ||    70
  Use: Scroll            |     1 |       ||     1
  Eat: Chunk             |    10 |       ||    10
Armor: Leather armour    |     3 |     3 ||     6
Dodge: Dodged            |    15 |    18 ||    33

Table legend:
 A = Non-vault XP
 B = Vault XP
 C = Vault XP percentage of total XP
 D = Non-vault monster count
 E = Vault monster count
 F = Vault count percentage of total count
                 A         B        C        D         E       F
            +---------+---------+-------+---------+---------+-------
      Total |      77 |       1 |   1.3 |      28 |       1 |   3.4
            +---------+---------+-------+---------+---------+-------
        D:1 |      20 |       0 |   0.0 |      13 |       0 |   0.0
        D:2 |      57 |       0 |   0.0 |      15 |       0 |   0.0
        D:3 |       0 |       1 | 100.0 |       0 |       1 | 100.0
            +---------+---------+-------+---------+---------+-------
